 Dungeon Crawl Stone Soup version 0.25-a0-420-g1cc7eeb0d1 (webtiles) character file.

Game seed: 350749020313171456, levelgen mode: deterministic

6484 LSt the Impaler (level 11, -10/89 HPs)
             Began as a Merfolk Gladiator on Jan 19, 2020.
             Was a High Priest of Okawaru.
             Mangled by an eight-headed hydra (16 damage)
             ... on level 1 of the Lair of Beasts.
             The game lasted 01:20:21 (11242 turns).

LSt the Impaler (Merfolk Gladiator)                Turns: 11242, Time: 01:20:21

Health: -10/89     AC:  8    Str: 19    XL:     11   Next: 0%
Magic:  13/13      EV: 19    Int:  7    God:    Okawaru [*****.]
Gold:   498        SH:  0    Dex: 15    Spells: 10/10 levels left

rFire    + . .     SeeInvis .   b - +0 halberd (protect)
rCold    + . .     Gourm    .   (shield currently unavailable)
rNeg     . . .     Faith    .   K - +2 leather armour {rPois}
rPois    +         Spirit   .   h - +1 helmet
rElec    .         Reflect  .   U - scarf {rC+ rF+}
rCorr    .         Harm     .   s - +0 pair of gloves
MR       .....                  (no boots)
Stlth    ++........             (no amulet)
HPRegen  0.24/turn              y - ring of stealth
MPRegen  0.13/turn              (no ring)

@: no status effects
A: change form in water, swift swim, stealthy swim
a: Heroism, Finesse, Renounce Religion


You were on level 1 of the Lair of Beasts.
You worshipped Okawaru.
Okawaru was extremely pleased with you.
You were not hungry.

You visited 3 branches of the dungeon, and saw 11 of its levels.

You collected 570 gold pieces.
You spent 72 gold pieces at shops.

Inventory:

Hand Weapons
 a - a +1 scimitar of flaming
 b - a +0 halberd of protection (weapon)
 H - the +6 falchion of the Past {elec, Str+2, unknown}
   (You found it on level 4 of the Dungeon)

   Occasionally, upon striking a foe, it will discharge some electrical energy
   and cause terrible harm.
   It affects your strength (+2).
 J - a +1 hand axe of draining
 N - the +5 trident of Chaos {vorpal, MR+}
   (You found it on level 5 of the Dungeon)

   It inflicts extra damage upon your enemies.
   It affects your resistance to hostile enchantments.
 S - a +0 hunting sling
 Y - a +0 scythe
 Z - a +2 long sword of freezing
Missiles
 d - 3 throwing nets
 o - 223 arrows
 z - 25 sling bullets
 D - 39 poisoned darts (quivered)
 V - 10 boomerangs
Armour
 h - a +1 helmet (worn)
 s - a +0 pair of gloves (worn)
 K - a +2 leather armour of poison resistance (worn)
 U - a scarf of resistance (worn)
Magical Staves
 e - an uncursed staff of death
Jewellery
 y - a ring of stealth (left hand)
 T - an uncursed ring of fire
Wands
 B - a wand of scattershot (4)
 F - a wand of polymorph (11)
 R - a wand of iceblast (8)
 X - a wand of random effects (20)
Scrolls
 c - a scroll of holy word {unknown}
 g - a scroll of blinking
 l - 8 scrolls of remove curse
 n - 2 scrolls of fear
 r - 3 scrolls of enchant weapon
 u - a scroll of identify
 v - 3 scrolls of noise
 x - a scroll of immolation {unknown}
 C - a scroll of enchant armour {unknown}
 G - a scroll of acquirement {unknown}
 L - 3 scrolls of teleportation
 O - a scroll of magic mapping
 W - a scroll of vulnerability
Potions
 i - 2 potions of flight
 j - 4 potions of mutation
 m - 6 potions of curing
 q - 2 potions of brilliance
 t - 2 potions of magic
 w - 2 potions of might
 A - a potion of cancellation {unknown}
 E - a potion of degeneration {unknown}
 I - a potion of ambrosia {unknown}
 M - a potion of lignification
 P - a potion of heal wounds {unknown}
 Q - 2 potions of agility {unknown}
Comestibles
 f - 12 rations
 k - 5 chunks of flesh


   Skills:
 - Level 9.5 Fighting
 - Level 15.3 Polearms
 - Level 2.0 Throwing
 - Level 11.0 Dodging
 + Level 3.0 Invocations


You had 10 spell levels left.
You didn't know any spells.
Your spell library contained the following spells:

 Spells                   Type           Power        Failure   Level  Hunger
 Foxfire                  Conj/Fire      #...         50%         1    ##.....
 Confusing Touch          Hex            #.......     86%         3    ####...
 Gell's Gravitas          Tloc           #.........   86%         3    ####...
 Petrify                  Tmut/Erth      #.......     99%         4    #####..
 Metabolic Englaciation   Hex/Ice        #.........   100%        5    ######.
 Yara's Violent Unravell  Hex/Tmut       #.........   100%        5    ######.


Dungeon Overview and Level Annotations

Branches:
Dungeon (9/15)             Temple (1/1) D:5            Lair (1/6) D:9
    Orc: D:9-12

Altars:
Ashenzari
Cheibriados
Dithmenos
Elyvilon
Fedhas
Gozag
Hepliaklqana
Kikubaaqudgha
Makhleb
Nemelex Xobeh
Okawaru
Qazlal
Ru
Sif Muna
Trog
Uskayaw
Vehumet
Wu Jian
Xom
Yredelemnul
Zin
The Shining One
Jiyva

Shops:
D:5 !

Annotations:
D:8 stone giant, exclusion: downstairs
D:9 Erolcha, Maurice


Message History

The eight-headed hydra bites you!
You feel like a meek peon again.
The eight-headed hydra barely misses you.
The eight-headed hydra bites you but does no damage.
The eight-headed hydra completely misses you.
The eight-headed hydra bites you!
The eight-headed hydra completely misses you.
The eight-headed hydra misses you. The eight-headed hydra bites you. x2
* * * LOW HITPOINT WARNING * * *
As you read the scroll of fear, it crumbles to dust.
You assume a fearsome visage.
The iguana looks frightened! x2
The eight-headed hydra resists with some effort.
The eight-headed hydra bites you.
* * * LOW HITPOINT WARNING * * *
The eight-headed hydra bites you!
* * * LOW HITPOINT WARNING * * *
The eight-headed hydra misses you. The eight-headed hydra bites you!
* * * LOW HITPOINT WARNING * * *
The eight-headed hydra bites you!
You die...

#....P# ##..#
##...### #...#
##...(.########...#
#.......##.##.#l..#
##.##......ll.....#
###.##........##...##
#.#.##....######...P#
..#......## #D..P#
....#....# ##@..##
l#..##...######..<.#
###.#..........#..##
# .P.#.......(.....#
..###...#.####...#
.####...#### #P..># #
#...# ##..## ####..#
#..#.# #.....# #.#..#


You could see an eight-headed hydra and an iguana (fleeing).

Vanquished Creatures
  A two-headed ogre (D:8)
  Erica (D:9)
  The ghost of Nr616 the Carver, a novice MiGl (D:8)
  2 slime creatures (D:8)
  A hippogriff (D:9)
  Sigmund (D:6)
  A basilisk (Lair:1)
  A wyvern (D:9)
  Menkaure (D:7)
  2 water moccasins (Lair:1)
  A porcupine (Lair:1)
  An ice beast (D:4)
  3 phantoms
  The ghost of coier1 the Ducker, an amateur GnWn (D:3)
  A necrophage (D:8)
  5 ogres
  2 centaurs
  A crocodile (Lair:1)
  A big kobold (D:9)
  3 bullfrogs
  A water moccasin zombie (D:6)
  A scorpion (D:7)
  7 killer bees
  3 wights (D:8)
  A howler monkey (D:5)
  3 crimson imps
  A quasit (D:5)
  5 jellies
  4 hounds
  9 orc wizards
  A bullfrog skeleton (D:4)
  3 orc priests
  7 iguanas
  3 worker ants
  A worker ant zombie (D:5)
  13 gnolls
  17 adders
  A shadow imp (D:6)
  An ooze (D:2)
  An adder zombie (D:4)
  4 worms
  5 dart slugs
  6 leopard geckos
  30 orcs
  3 ball pythons
  8 giant cockroaches
  13 goblins
  8 hobgoblins
  3 jackals (D:3)
  3 quokkas
  7 bats
  7 frilled lizards
  A giant cockroach zombie (D:6)
  14 kobolds
  A quokka skeleton (D:6)
  8 rats
235 creatures vanquished.

Notes
Turn   | Place    | Note
-------+----------+-------------------------------------------
     0 | D:1      | LSt the Merfolk Gladiator began the quest for the Orb.
     0 | D:1      | Reached XP level 1. HP: 16/16 MP: 1/1
   161 | D:1      | Reached skill level 5 in Polearms
   205 | D:1      | Reached XP level 2. HP: 22/22 MP: 2/2
   800 | D:1      | Reached skill level 6 in Polearms
   800 | D:1      | Reached XP level 3. HP: 23/27 MP: 3/3
  1044 | D:2      | Found a snail-covered altar of Cheibriados.
  1139 | D:2      | Reached XP level 4. HP: 28/33 MP: 4/4
  1142 | D:2      | Reached skill level 7 in Polearms
  1631 | D:2      | Found an opulent altar of Gozag.
  1857 | D:2      | Found an ancient bone altar of Kikubaaqudgha.
  1858 | D:2      | Found a sacrificial altar of Ru.
  2068 | D:3      | Reached XP level 5. HP: 40/40 MP: 5/5
  2446 | D:3      | Found a runed translucent door.
  2450 | D:3      | Noticed coier1's ghost (amateur GnWn)
  2981 | D:3      | Reached skill level 8 in Polearms
  3610 | D:4      | Got an ichor-stained falchion
  3704 | D:4      | Reached XP level 6. HP: 47/47 MP: 6/6
  3846 | D:4      | Reached skill level 9 in Polearms
  4643 | D:4      | Reached XP level 7. HP: 48/54 MP: 7/7
  4758 | D:4      | Reached skill level 10 in Polearms
  4929 | D:4      | Found a sparkling altar of Nemelex Xobeh.
  4989 | D:5      | Entered Level 5 of the Dungeon
  5120 | D:5      | Found Teewke's Distillery.
  5162 | D:5      | Reached skill level 11 in Polearms
  5258 | D:5      | Bought a potion of lignification for 36 gold pieces
  5258 | D:5      | Bought a potion of flight for 36 gold pieces
  5266 | D:5      | Found a staircase to the Ecumenical Temple.
  5282 | Temple   | Entered the Ecumenical Temple
  5422 | Temple   | Became a worshipper of Warmaster Okawaru
  5551 | D:5      | Reached XP level 8. HP: 61/61 MP: 8/8
  5578 | D:5      | Reached skill level 5 in Fighting
  5755 | D:5      | Got a crystal trident
  5756 | D:5      | Identified the +5 trident of Chaos {vorpal, MR+} (You found
                  | it on level 5 of the Dungeon)
  5873 | D:5      | Reached skill level 12 in Polearms
  6211 | D:5      | Found a shimmering blue altar of Sif Muna.
  6245 | D:5      | Identified Sif Muna's Disquisition on Confrontation
  6549 | D:6      | Noticed Sigmund
  6882 | D:6      | Reached skill level 13 in Polearms
  6916 | D:6      | Reached * piety under Okawaru
  7203 | D:7      | Reached skill level 14 in Polearms
  7235 | D:7      | Reached skill level 1 in Invocations
  7340 | D:7      | Reached XP level 9. HP: 68/68 MP: 8/10
  7837 | D:7      | Noticed Menkaure
  7964 | D:7      | Killed Menkaure
  7964 | D:7      | Reached skill level 5 in Dodging
  8131 | D:7      | Reached ** piety under Okawaru
  8521 | D:6      | Killed Sigmund
  8955 | D:8      | Found a runed translucent gate.
  8955 | D:8      | Found a runed translucent gate.
  8956 | D:8      | Found a runed translucent gate.
  8958 | D:8      | Noticed Nr616's ghost (novice MiGl)
  8960 | D:8      | Found a viscous altar of Jiyva.
  9123 | D:8      | Noticed a two-headed ogre
  9493 | D:9      | Noticed a troll
  9599 | D:8      | Killed a two-headed ogre
  9599 | D:8      | Reached *** piety under Okawaru
  9599 | D:8      | Reached XP level 10. HP: 73/82 MP: 8/11
  9830 | D:3      | Killed coier1's ghost
 10041 | D:8      | Killed Nr616's ghost
 10041 | D:8      | Reached skill level 10 in Dodging
 10081 | D:8      | Reached **** piety under Okawaru
 10258 | D:9      | Noticed Maurice
 10443 | D:9      | Noticed a stone giant
 10700 | D:9      | Noticed a deep elf knight
 10712 | D:9      | Found a staircase to the Lair.
 10729 | D:9      | Reached skill level 15 in Polearms
 10730 | D:9      | Noticed Erica
 10739 | D:9      | Killed Erica
 10824 | D:9      | Noticed Erolcha
 11006 | Lair:1   | Entered Level 1 of the Lair of Beasts
 11036 | Lair:1   | Reached ***** piety under Okawaru
 11093 | Lair:1   | Received a gift from Okawaru
 11164 | Lair:1   | Reached XP level 11. HP: 89/89 MP: 13/13
 11216 | Lair:1   | Noticed an eight-headed hydra
 11242 | Lair:1   | Mangled by an eight-headed hydra

Levels and vault maps discovered:
D:1:      ncdulo_smallfort, layout_basic, roderic_filled_cross
D:2:      kennysheep_the_goblin_king, layout_rooms, grunt_gozag_breadcrumbs,
          lemuel_coloured_pillars_altar, nicolae_overflow_hidden_temple,
          first_ration, hex_large, minmay_small_reverse_x
D:3:      layout_basic, ebering_ghost_reflecting_pool
D:4:      cheibrodos_helix_gallery, layout_basic, nemelex_altar_shiori
D:5:      layout_basic, led_sif_book, minmay_temple_entry_arrows, serial_shops,
          shop, kennysheep_generic_room_14
D:6:      layout_gridville, uniq_sigmund
D:7:      layout_basic, uniq_menkaure
D:8:      layout_basic, gammafunk_ghost_ooze
D:9:      minmay_chopped_fan, layout_basic, dpeg_oklobed_lair, uniq_erolcha,
          uniq_maurice, uniq_erica
Temple:   eino_temple_scatter_basement
Lair:1:   beast_lair_carwin_large_1, layout_concentric_octagons,
          lemuel_fruit_fields

Skill      XL: |  1  2  3  4  5  6  7  8  9 10 |
---------------+-------------------------------+-----
Polearms       | 5 6 7 8 9 11 14 15 | 15.3
Fighting       | 3 4 5 8 9 |  9.5
Invocations    | 1 3 |  3.0
Dodging        | 9 11 | 11.0
Throwing       | |  2.0

Action                   |  1- 3 |  4- 6 |  7- 9 | 10-12 || total
-------------------------+-------+-------+-------+-------++-------
Melee: Trident           |   117 |   309 |   218 |    93 ||   737
       Halberd           |       |       |    80 |       ||    80
Throw: Stone             |     1 |    30 |    14 |       ||    45
       Dart              |       |    22 |    75 |    19 ||   116
       Boomerang         |       |       |    16 |    12 ||    28
Invok: Heroism           |       |       |     2 |     2 ||     4
  Use: Scroll            |     1 |     4 |     9 |     1 ||    15
 Stab: Sleeping          |       |     8 |     3 |     4 ||    15
  Eat: Chunk             |     1 |    11 |    14 |     3 ||    29
       Ration            |       |       |       |     1 ||     1
Armor: Leather armour    |    22 |    45 |    37 |     7 ||   111
Dodge: Dodged            |    61 |   108 |    88 |    37 ||   294

Table legend:
 A = Non-vault XP
 B = Vault XP
 C = Vault XP percentage of total XP
 D = Non-vault monster count
 E = Vault monster count
 F = Vault count percentage of total count
                 A         B        C        D         E       F
            +---------+---------+-------+---------+---------+-------
      Total |    6838 |    2426 |  26.2 |     211 |      24 |  10.2
            +---------+---------+-------+---------+---------+-------
        D:1 |      34 |       0 |   0.0 |      18 |       0 |   0.0
        D:2 |      88 |      18 |  17.0 |      20 |      11 |  35.5
        D:3 |     123 |     121 |  49.6 |      41 |       1 |   2.4
        D:4 |     481 |      42 |   8.0 |      28 |       1 |   3.4
        D:5 |     662 |      54 |   7.5 |      20 |       3 |  13.0
        D:6 |     464 |     212 |  31.4 |      11 |       1 |   8.3
        D:7 |     970 |     157 |  13.9 |      32 |       1 |   3.0
        D:8 |    2108 |     668 |  24.1 |      15 |       3 |  16.7
        D:9 |    1070 |    1154 |  51.9 |      15 |       3 |  16.7
     Temple |     100 |       0 |   0.0 |       6 |       0 |   0.0
     Lair:1 |     738 |       0 |   0.0 |       5 |       0 |   0.0
            +---------+---------+-------+---------+---------+-------
